 Dungeon Crawl Stone Soup version 0.29-a0-251-g80730f7218 (webtiles) character file.

Game seed: 13972466095492310920

5728 Morbidden the Thaumaturge (level 11, -1/76 HPs)
             Began as a Djinni Transmuter on Mar 5, 2022.
             Was a Priest of Cheibriados.
             Slain by a wolf (4 damage)
             ... led by Grum
             ... on level 10 of the Dungeon.
             The game lasted 00:20:24 (11457 turns).

Morbidden the Thaumaturge (Djinni Transmuter)      Turns: 11457, Time: 00:20:24

Health: -1/76      AC:  5    Str: 19    XL:     11   Next: 5%
Gold:   452        EV: 18    Int: 21    God:    Cheibriados [***...] SH:  0 Dex: 20

rFire   + + .      SeeInvis .     - Unarmed
rCold   x . .      Faith    .   (no shield)
rNeg    + . .      Spirit   .   E - +0 troll leather armour
rPois   ∞          Reflect  .   (no helmet)
rElec   .          Harm     .   m - +0 cloak {rPois}
rCorr   .          Rampage  .   (no gloves)
Will    +....                   (boots unavailable)
Stlth   ++........              w - amulet of regeneration
HPRegen 1.82/turn               h - +4 ring of evasion
MPRegen 0.00/turn               a - ring of positive energy

@: flying, very slow
A: sickness immunity, fire resistance 2, cold vulnerability 1, float, innate
caster, HP casting, extra vitality 1
a: Renounce Religion, Bend Time, Temporal Distortion


You were on level 10 of the Dungeon.
You worshipped Cheibriados.
Cheibriados was most pleased with you.
You visited 2 branches of the dungeon, and saw 11 of its levels.

You collected 452 gold pieces.

Inventory:

Missiles
 d - a curare-tipped dart
 D - 7 boomerangs (quivered)
Armour
 m - a +0 cloak of poison resistance (worn)
 E - a +0 troll leather armour (worn)
Jewellery
 a - a ring of positive energy (right hand)
 h - a +4 ring of evasion (left hand)
 l - a ring of ice
 w - an amulet of regeneration (around neck)
Wands
 k - a wand of mindburst (32)
 n - a wand of acid (5)
 q - a wand of paralysis (7)
 y - a wand of digging (4)
 A - a wand of flame (10)
 B - a wand of iceblast (14)
Scrolls
 f - a scroll of fog
 g - 2 scrolls of identify
 j - a scroll of teleportation
 s - 2 scrolls of amnesia
 z - 2 scrolls of fear
Potions
 b - 3 potions of resistance
 c - 3 potions of lignification
 e - a potion of magic {unknown}
 o - 3 potions of curing
 p - 3 potions of brilliance
 r - 3 potions of might
 u - a potion of flight {unknown}
 v - 2 potions of attraction {unknown}
 x - a potion of heal wounds


   Skills:
 * Level 5.3 Fighting
 + Level 0.1 Throwing
 + Level 0.7 Armour
 + Level 4.2 Dodging
 + Level 3.3 Stealth
 * Level 7.8 Unarmed Combat
 * Level 8.7 Spellcasting
 * Level 3.9 Invocations


You had 3 spell levels left.
You knew the following spells:

 Your Spells              Type           Power      Damage    Failure   Level
a - Beastly Appendage     Tmut           90%        N/A       1%          1
b - Spider Form           Tmut/Pois      45%        N/A       1%          3
c - Wereblood             Tmut           45%        N/A       1%          2
d - Ice Form              Ice/Tmut       45%        N/A       2%          4
e - Slow                  Hex            100%       N/A       1%          1
f - Confusing Touch       Hex            45%        N/A       1%          3
g - Animate Dead          Necr           22%        N/A       2%          4
x - Scorch                Fire           90%        2d10      1%          2
z - Animate Armour        Summ/Erth      90%        N/A       2%          4
Your spell library was empty.

Dungeon Overview and Level Annotations

Branches:
Dungeon (10/15)            Temple (1/1) D:4
   Lair: D:8-11         Orc: D:9-12

Altars:
Ashenzari
Cheibriados
Dithmenos
Elyvilon
Fedhas
Gozag
Kikubaaqudgha
Makhleb
Nemelex Xobeh
Okawaru
Qazlal
Ru
Sif Muna
Trog
Uskayaw
Vehumet
Wu Jian
Xom
Yredelemnul
Zin
The Shining One

Shops:
D:1 ((   D:2 !   D:6 =

Annotations:
D:7 4 runed translucent doors
D:9 Grum, Maurice


Innate Abilities, Weirdness & Mutations

You are immune to sickness and miasma.
You are immune to poison.
Your flesh is very heat resistant. (rF++)
You are vulnerable to cold. (rC-)
You float through the air rather than walking.
You learn spells naturally, not from books.
Your magical power is your life essence.
You have superior vitality. (+4 MHP)


Message History

The wolf barely misses you. x2; The wolf bites you!
* * * LOW HITPOINT WARNING * * *
Unknown command.
Unknown command.
Unknown command.
You miss the wolf. The wolf completely misses you. The wolf closely misses you.
The wolf bites you.
* * * LOW HITPOINT WARNING * * *
Unknown command.
Unknown command.
Unknown command.
You completely miss the wolf. You punch the wolf.
The wolf is lightly wounded.
The wolf closely misses you. x2
Unknown command.
Unknown command.
You hit the wolf.
The wolf is moderately wounded.
The wolf barely misses you. The wolf bites you.
* * * LOW HITPOINT WARNING * * *
Your animated troll leather armour misses the wolf.
Your animated troll leather armour hits the wolf.
The wolf bites your animated troll leather armour but does no damage.
The wolf misses you.
Unknown command.
Unknown command.
You miss the wolf. You punch the wolf.
The wolf is severely wounded.
The wolf barely misses you. The wolf closely misses you.
Your animated troll leather armour hits the wolf!
Your animated troll leather armour barely misses the wolf.
The wolf barely misses you.
Unknown command.
Unknown command.
You miss the wolf.
The wolf is almost dead.
The wolf bites you!
* * * LOW HITPOINT WARNING * * *
The wolf bites you.
You die...

####### ......#
#...#######..
#....h.......
#...h@.......
#...[........
#........$...
#....##+#####
#....#......#
#######....#......#
#..........#......# yy
###..........#'######y..
........................


You could see 2 wolves and a friendly animated troll leather armour (summoned).

Vanquished Creatures
  Pikel (D:4)
  A troll (D:10)
  A vampire (D:9)
  2 steam dragons
  A vampire mosquito (D:8)
  4 water moccasins
  An acid dragon (D:10)
  An orc warrior (D:8)
  6 centaurs
  4 ogres
  3 lemures (D:4)
  A phantom (D:6)
  2 bullfrogs
  A scorpion (D:5)
  2 necrophages
  9 wights
  A howler monkey (D:7)
  Crazy Yiuf (D:2)
  4 hounds (D:5)
  2 orc priests
  4 jellies
  A gnoll shaman (D:5)
  3 iguanas (D:5)
  4 orc wizards
  4 gnolls (D:5)
  11 adders
  A shadow imp (D:6)
  5 worms
  2 dart slugs (D:3)
  12 orcs
  7 endoplasms
  3 giant cockroaches
  6 goblins
  6 hobgoblins
  7 jackals
  3 quokkas
  11 ball pythons
  7 bats
  13 frilled lizards
  7 kobolds
  2 rats
167 creatures vanquished.

Vanquished Creatures (collateral kills)
  A two-headed ogre (D:8)
  A troll (D:9)
  A steam dragon (D:8)
  An orc warrior (D:7)
  2 wolves (D:9)
  4 wights
  A hound (D:7)
  An orc wizard (D:8)
  An orc (D:8)
13 creatures vanquished.

Vanquished Creatures (others)
  An orc (D:8)
  4 plants (D:1)
5 creatures vanquished.

Grand Total: 185 creatures vanquished

Notes
Turn   | Place    | Note
-------+----------+-------------------------------------------
     0 | D:1      | Morbidden the Djinni Transmuter began the quest for the
                  | Orb.
     0 | D:1      | Reached XP level 1. HP: 17/17 MP: 0/0
   384 | D:1      | Reached XP level 2. HP: 20/22 MP: 0/0
   889 | D:1      | Found Cied Qeo's Weapon Shoppe.
   956 | D:1      | Reached XP level 3. HP: 23/27 MP: 0/0
   956 | D:1      | Learned a level 1 spell: Slow
  1041 | D:1      | Found a faded altar of an unknown god.
  1080 | D:1      | Found Binisef's Antique Weapon Boutique.
  1432 | D:1      | Reached skill level 2 in Spellcasting
  1809 | D:2      | Reached XP level 4. HP: 29/32 MP: 0/0
  2091 | D:2      | Found a runed translucent door.
  2093 | D:2      | Noticed Crazy Yiuf
  2146 | D:2      | Found Jyinti Gunt's Distillery.
  2658 | D:2      | Noticed an ogre
  2663 | D:2      | Killed an ogre
  2664 | D:2      | Reached skill level 1 in Stealth
  2664 | D:2      | Reached XP level 5. HP: 31/38 MP: 0/0
  2664 | D:2      | Learned a level 2 spell: Scorch
  3444 | D:2      | Killed Crazy Yiuf
  3445 | D:2      | Reached XP level 6. HP: 36/43 MP: 0/0
  3699 | D:3      | Reached skill level 3 in Spellcasting
  4171 | D:3      | Found a burning altar of Makhleb.
  5475 | D:4      | Found a staircase to the Ecumenical Temple.
  5670 | D:4      | Noticed Pikel
  5680 | D:4      | HP: 2/45 [Pikel/+1 whip of freezing (6)]
  5689 | D:4      | Killed Pikel
  5690 | D:4      | Reached skill level 4 in Spellcasting
  5690 | D:4      | Reached XP level 7. HP: 24/50 MP: 0/0
  5690 | D:4      | Learned a level 3 spell: Confusing Touch
  5690 | D:4      | Reached XP level 8. HP: 27/56 MP: 0/0
  5853 | D:4      | Found a glowing golden altar of the Shining One.
  5860 | Temple   | Entered the Ecumenical Temple
  5867 | Temple   | Became a worshipper of Cheibriados the Contemplative
  6102 | D:5      | Entered Level 5 of the Dungeon
  6283 | D:5      | Reached skill level 5 in Unarmed Combat
  6583 | D:5      | Reached skill level 5 in Spellcasting
  7129 | D:5      | Reached skill level 1 in Invocations
  7157 | D:5      | Reached * piety under Cheibriados
  7283 | D:5      | Found a shadowy altar of Dithmenos.
  7770 | D:6      | Reached XP level 9. HP: 33/62 MP: 0/0
  7770 | D:6      | Learned a level 4 spell: Animate Armour
  7832 | D:6      | Reached skill level 6 in Spellcasting
  8070 | D:6      | Found Xiothry's Jewellery Shoppe.
  8516 | D:7      | Reached skill level 7 in Spellcasting
  8607 | D:7      | Found a huge runed translucent gate.
  8607 | D:7      | Found a huge runed translucent gate.
  8607 | D:7      | Found a huge runed translucent gate.
  8607 | D:7      | Found a huge runed translucent gate.
  8607 | D:7      | Noticed a polar bear
  8607 | D:7      | Noticed a polar bear
  8608 | D:7      | Noticed a death yak
  8608 | D:7      | Noticed a polar bear
  8608 | D:7      | Noticed a polar bear
  8608 | D:7      | Noticed a death yak
  8753 | D:7      | Reached XP level 10. HP: 69/69 MP: 0/0
  8935 | D:7      | Reached ** piety under Cheibriados
 10138 | D:8      | Noticed a two-headed ogre
 10144 | D:8      | Killed a two-headed ogre
 10145 | D:8      | Reached skill level 8 in Spellcasting
 10464 | D:8      | Identified the +1 leather armour of the Vaults {Str+2
                  | Int+3}
 10753 | D:9      | Reached skill level 5 in Fighting
 10759 | D:9      | Noticed Maurice
 10934 | D:9      | Reached *** piety under Cheibriados
 11122 | D:9      | You are sucked into a shaft and drop 1 floor!
 11122 | D:10     | Entered Level 10 of the Dungeon
 11295 | D:10     | Reached XP level 11. HP: 23/76 MP: 0/0
 11295 | D:10     | Learned a level 4 spell: Animate Dead
 11438 | D:9      | Noticed Grum
 11457 | D:10     | HP: 3/76 [wolf[Grum] (9)]
 11457 | D:10     | Slain by a wolf

Illustrated notes

Levels and vault maps discovered:
D:1:      minmay_arrival_plants_in_alcoves, layout_basic, serial_shops, shop,
          nicolae_square_shop, chequers_ecumenical_altar_simple,
          minmay_lizard_king
D:2:      layout_basic, serial_shops, nicolae_shop_advertising_works
          [nicolae_subvault_shop_adworks], uniq_crazy_yiuf_cottage
D:3:      layout_basic, gammafunk_temple_overflow_claw, minmay_mini_jars
D:4:      layout_rooms, lemuel_crystal_altar, temple_green, uniq_pikel
D:5:      layout_loops_ring, old_standard_altar
D:6:      layout_cave_pools, vehumet_crystals, serial_shops,
          nicolae_shop_hallway_plus
D:7:      lemuel_bear_cage, layout_basic
D:8:      layout_rooms, minmay_misc_feat_rugged, kennysheep_generic_room_13
D:9:      layout_gridville, mainiacjoe_overflow_surrounded_room, uniq_grum,
          uniq_maurice
D:10:     layout_irregular_city
Temple:   nicolae_temple_no_exploring_needed

Skill      XL: |  1  2  3  4  5  6  7  8  9 10 |
---------------+-------------------------------+-----
Spellcasting   | 2 4 5 7 8 |  8.7
Fighting       | 2 3 4 5 |  5.3
Stealth        | 1 2 3 |  3.3
Unarmed Combat | 4 5 6 7 |  7.8
Dodging        | 3 4 |  4.2
Invocations    | 1 2 3 |  3.9
Throwing       | |  0.1
Armour         | |  0.7

Action                   |  1- 3 |  4- 6 |  7- 9 | 10-12 || total
-------------------------+-------+-------+-------+-------++-------
Melee: Unarmed           |    97 |   133 |   116 |   109 ||   455
       Headbutt          |    12 |     5 |     4 |    11 ||    32
       Punch             |       |     2 |     2 |     5 ||     9
Throw: Dart              |       |     2 |       |       ||     2
 Cast: Beastly Appendage |    17 |    20 |     4 |     5 ||    46
       Spider Form       |       |     6 |     5 |     2 ||    13
       Scorch            |       |    42 |    60 |    32 ||   134
       Slow              |       |     2 |       |       ||     2
       Confusing Touch   |       |       |     7 |     1 ||     8
       Ice Form          |       |       |     6 |     2 ||     8
       Animate Armour    |       |       |     4 |    21 ||    25
Evoke: Wand              |       |     1 |       |       ||     1
  Use: Potion            |       |     5 |       |       ||     5
       Scroll            |       |       |     2 |    11 ||    13
 Stab: Sleeping          |     1 |     2 |     2 |     2 ||     7
       Paralysed         |       |     6 |       |       ||     6
       Confused          |       |       |     2 |     2 ||     4
Armor: Robe              |    15 |    12 |    11 |       ||    38
       Skin              |       |    14 |    11 |     1 ||    26
       Steam dragon scal |       |       |     2 |    13 ||    15
       Troll leather arm |       |       |       |    10 ||    10
Dodge: Dodged            |    61 |   103 |    95 |   191 ||   450

Table legend: (Time is in decaauts)
 A = Elapsed time spent in this place.
 B = Non-inter-level travel time spent in this place.
 C = Inter-level travel time spent in this place.
 D = Time resting spent in this place.
 E = Time spent auto-exploring this place.
 F = Levels seen in this place.
 G = Mean time per level.
                   A        B        C        D        E       F      G
               +--------+--------+--------+--------+--------+-----+--------+
         Total |  12657 |  12150 |    507 |   2643 |   7792 |  11 | 1150.6 |
       Dungeon |  12641 |  12148 |    493 |   2643 |   7792 |  10 | 1264.1 |
        Temple |     16 |      3 |     13 |      0 |      0 |   1 |   16.0 |
               +--------+--------+--------+--------+--------+-----+--------+

Top non-repeatable levels by time:
     D:7: 2198 daAuts
     D:1: 1793 daAuts
     D:2: 1761 daAuts
     D:5: 1620 daAuts
     D:3: 1596 daAuts
     D:4: 1106 daAuts
     D:8: 867 daAuts
     D:6: 714 daAuts
     D:9: 597 daAuts
    D:10: 386 daAuts
  Temple: 16 daAuts
